 Dungeon Sprint DCSS version 0.22-a0-271-gc000056 (webtiles) character file.

9792 Kidiri the Eclecticist (level 11, 0/68 HPs)
             Began as a Deep Elf Fire Elementalist on Mar 11, 2018.
             Was the Champion of Vehumet.
             Slain by a demonic crawler (1 damage)
             ... in the Dungeon (Sprint I: "Red Sonja").
             The game lasted 00:12:44 (2583 turns).

Kidiri the Eclecticist (Deep Elf Fire Elementalist) Turns: 2583, Time: 00:12:44

Health: 0/68       AC:  7    Str:  5    XL:     11   Next: 27%
Magic:  20/35      EV: 20    Int: 17    God:    Vehumet [******]
Gold:   65         SH:  6    Dex: 23    Spells: 26/47 levels left

rFire    + + .     SeeInvis .   r - +3 short sword "Haytas" {pierce, *Corrode rElec rC+ Stlth+}
rCold    + . .     Gourm    .   m - +0 buckler
rNeg     . . .     Faith    .   p - +3 leather armour "Zeiteira" {rF+ Dex+4}
rPois    +         Spirit   .   q - +0 helmet "Tonieh" {rF+}
rElec    +         Reflect  .   o - -4 cloak of Cocytus {rPois Int-3 Dex+4} (curse)
rCorr    .         Harm     .   k - +0 pair of gloves
MR       +....     NoTele   +   (no boots)
Stlth    +++.......             (no amulet)
HPRegen  0.00/turn              (no ring)
MPRegen  0.24/turn              (no ring)

@: very slightly contaminated, hasted, very quick
A: talons 1, dopey 2, inhibited regeneration, MP-powered wands
a: Renounce Religion


You were in the Dungeon.
You worshipped Vehumet.
Vehumet was exalted by your worship.
You were not hungry.

You visited 1 branch You collected 1328 gold pieces.
You spent 1263 gold pieces at shops.

Inventory:

Hand Weapons
 j - a +0 dagger of pain
 r - the +3 short sword "Haytas" (weapon) {pierce, *Corrode rElec rC+ Stlth+}
   (You bought it in a shop in the Dungeon)

   It inflicts extra damage upon your enemies.
   It protects you from cold.
   It insulates you from electricity.
   It may corrode you when you take damage.
   It makes you more stealthy.
Armour
 k - a +0 pair of gloves (worn)
 l - a +2 robe of fire resistance
 m - a +0 buckler (worn)
 n - a +2 helmet
 o - the cursed -4 cloak of Cocytus (worn) {rPois Int-3 Dex+4}
   (You bought it in a shop in the Dungeon)

   It affects your intelligence (-3).
   It affects your dexterity (+4).
   It protects you from poison.
   It has a curse placed upon it.
 p - the +3 leather armour "Zeiteira" (worn) {rF+ Dex+4}
   (You bought it in a shop in the Dungeon)

   It affects your dexterity (+4).
   It protects you from fire.
 q - the +0 helmet "Tonieh" (worn) {rF+}
   (You bought it in a shop in the Dungeon)

   It protects you from fire.
Wands
 b - a wand of polymorph (17)
Scrolls
 d - a scroll of magic mapping {unknown}
Potions
 a - a potion of curing
 c - a potion of ambrosia
 g - 2 potions of magic
 h - a potion of lignification {unknown}


   Skills:
 + Level 7.7 Fighting
 + Level 3.3 Short Blades
 + Level 7.7 Armour
 + Level 11.2 Dodging
 - Level 2.4 Stealth
 + Level 2.6 Shields
 * Level 18.6 Spellcasting
 + Level 11.9 Conjurations
 + Level 12.3 Fire Magic
 + Level 4.8 Air Magic
 + Level 5.2 Poison Magic


You had 26 spell levels left.
You knew the following spells:

 Your Spells              Type           Power        Failure   Level  Hunger
a - Flame Tongue          Conj/Fire      #####        1%          1    None
b - Throw Flame           Conj/Fire      ######       1%          2    None
c - Conjure Flame         Conj/Fire      ######..     1%          3    None
d - Inner Flame           Hex/Fire       #####...     1%          3    None
e - Sticky Flame          Conj/Fire      ######..     1%          4    None
f - Fireball              Conj/Fire      ######....   1%          5    ###....
g - Mephitic Cloud        Conj/Pois/Air  #####...     1%          3    None


Dungeon Overview and Level Annotations

Branches:
Dungeon (1/1)

Altars:
Cheibriados
Dithmenos
Elyvilon
Fedhas
Gozag
Hepliaklqana
Kikubaaqudgha
Makhleb
Nemelex Xobeh
Okawaru
Qazlal
Ru
Sif Muna
Trog
Uskayaw
Vehumet
Wu Jian
Xom
Yredelemnul
Zin
The Shining One
Jiyva
Lugonu

Shops:
D (*%[[[![[}*((*!**(*[?


Innate Abilities, Weirdness & Mutations

You have sharp toenails.
You are very dopey. (Int -4)
You do not regenerate when monsters are visible.
You expend magic power (3 MP) to strengthen your wands.


Message History

* * * LOW HITPOINT WARNING * * *
You feel better. The demonic crawler misses you.
The demonic crawler barely misses you. The demonic crawler closely misses you.
The demonic crawler hits you.
* * * LOW HITPOINT WARNING * * *
The demonic crawler completely misses you.
The demonic crawler misses you. x2
The demonic crawler completely misses you.
The demonic crawler closely misses you.
Casting: Fireball (safe; 1% risk of failure)
Confirm with . or Enter, or press ? or * to list all spells.
Aiming: Sticky Flame (safe; 1% risk of failure)
Press: ? - help, Shift-Dir - straight line, f/p - demonic crawler
Aim: a demonic crawler (almost dead, clinging, inner flame)
The sticky flame hits the demonic crawler.
The demonic crawler resists.
The demonic crawler is almost dead.
The demonic crawler is covered in liquid flames!
The demonic crawler burns!
The demonic crawler hits you.
You die...

##################
#<.#.ss..#.)'s.#__
#..[..#..s..#..s^.
#..#####+#####+#__
#s.####..#...#(###
#ss#__####..##.#≈≈
#@s#_____##+#_.+≈≈
#⌠⌠#_.∩...+.(._#≈§
####_..__##_(#+##+
#_____###+#.#(.
############.####+
#∩........+...+[..
###++++####.).####
#.......####.###..
#........#.#+#.#..


You could see 4 demonic crawlers.

Vanquished Creatures
  2 centaur warriors (D)
  Sonja (D)
  2 unseen horrors (D)
  A deep troll (D)
  An oklob plant (D)
  8 shining eyes (D)
  2 kobold demonologists (D)
  A hornet (D)
  A slime creature (D)
  2 redbacks (D)
  A yak (D)
  Sigmund (D)
  6 floating eyes (D)
  7 necrophages (D)
  An ogre (D)
  8 jellies (D)
  Ijyb (D)
  5 ballistomycetes (D)
  A ballistomycete spore (D)
52 creatures vanquished.

Vanquished Creatures (others)
  2 hornets (D)
  A floating eye (D)
  A ballistomycete spore (D)
4 creatures vanquished.

Grand Total: 56 creatures vanquished

Notes
Turn   | Place    | Note
-------+----------+-------------------------------------------
     0 | D        | Kidiri the Deep Elf Fire Elementalist began the quest for the Orb.
     0 | D        | Reached XP level 1. HP: 10/10 MP: 6/6
     2 | D        | Noticed Ijyb
    22 | D        | Killed Ijyb
    22 | D        | Reached skill level 6 in Spellcasting
    22 | D        | Reached XP level 2. HP: 4/15 MP: 1/11
   254 | D        | Learned a level 2 spell: Throw Flame
   263 | D        | Noticed an ogre
   275 | D        | Killed an ogre
   275 | D        | Reached skill level 8 in Spellcasting
   275 | D        | Reached skill level 5 in Fire Magic
   275 | D        | Reached XP level 3. HP: 15/19 MP: 9/15
   275 | D        | Reached XP level 4. HP: 19/24 MP: 9/16
   280 | D        | Learned a level 3 spell: Conjure Flame
   284 | D        | Learned a level 3 spell: Inner Flame
   289 | D        | Learned a level 4 spell: Sticky Flame
   332 | D        | Noticed Sigmund
   337 | D        | Killed Sigmund
   337 | D        | Reached skill level 11 in Spellcasting
   337 | D        | Reached XP level 5. HP: 19/28 MP: 10/20
   442 | D        | Learned a level 5 spell: Fireball
   442 | D        | Found an ornate altar of the Wu Jian Council.
   442 | D        | Found a deep blue altar of Sif Muna.
   446 | D        | Reached XP level 6. HP: 33/33 MP: 17/22
   448 | D        | Found a radiant altar of Vehumet.
   464 | D        | Became a worshipper of Vehumet
   583 | D        | Found Aczas's Armour Emporium.
   583 | D        | Found an ancient bone altar of Kikubaaqudgha.
   583 | D        | Found a hazy altar of Hepliaklqana.
   583 | D        | Found a stormy altar of Qazlal.
   583 | D        | Found a hide-covered altar of Uskayaw.
   583 | D        | Found a blossoming altar of Fedhas.
   583 | D        | Found a bloodstained altar of Trog.
   583 | D        | Found an iron altar of Okawaru.
   583 | D        | Found a basalt altar of Yredelemnul.
   583 | D        | Found a glowing golden altar of the Shining One.
   583 | D        | Found a snail-covered altar of Cheibriados.
   583 | D        | Found a sacrificial altar of Ru.
   583 | D        | Found a glowing silver altar of Zin.
   583 | D        | Found a shadowy altar of Dithmenos.
   583 | D        | Found a white marble altar of Elyvilon.
   583 | D        | Noticed a yak
   588 | D        | Killed a yak
   588 | D        | Reached skill level 12 in Spellcasting
   591 | D        | Found an opulent altar of Gozag.
   592 | D        | Found a sparkling altar of Nemelex Xobeh.
   747 | D        | Noticed Sonja
   750 | D        | Killed Sonja
   750 | D        | Reached skill level 13 in Spellcasting
   750 | D        | Reached XP level 7. HP: 31/42 MP: 8/26
   831 | D        | Found Bucipt's Antique Weapon Boutique.
   839 | D        | Bought a glowing dagger for 105 gold pieces
   924 | D        | Noticed a deep troll
   936 | D        | Killed a deep troll
   936 | D        | Reached * piety under Vehumet
   936 | D        | Offered knowledge of Shock by Vehumet.
   936 | D        | Reached skill level 14 in Spellcasting
   936 | D        | Reached XP level 8. HP: 48/48 MP: 17/28
   951 | D        | Found Ocoul's Armour Emporium.
   955 | D        | Bought a +0 pair of gloves for 54 gold pieces
   955 | D        | Bought a +2 robe of fire resistance for 212 gold pieces
   955 | D        | Bought a +0 buckler for 54 gold pieces
  1088 | D        | Killed a hornet
  1094 | D        | Killed a hornet
  1194 | D        | Found a burning altar of Makhleb.
  1194 | D        | Found a viscous altar of Jiyva.
  1194 | D        | Found a shimmering altar of Xom.
  1194 | D        | Found a corrupted altar of Lugonu.
  1194 | D        | Noticed a slime creature
  1199 | D        | Killed a slime creature
  1244 | D        | Noticed a kobold demonologist
  1246 | D        | Noticed a kobold demonologist
  1246 | D        | Killed a kobold demonologist
  1246 | D        | Reached ** piety under Vehumet
  1246 | D        | Offered knowledge of Sandblast by Vehumet.
  1246 | D        | Reached skill level 5 in Fighting
  1246 | D        | Reached skill level 15 in Spellcasting
  1246 | D        | Reached skill level 10 in Fire Magic
  1248 | D        | Noticed an orange demon
  1249 | D        | Noticed a red devil
  1249 | D        | Killed a kobold demonologist
  1249 | D        | Reached skill level 5 in Armour
  1249 | D        | Reached XP level 9. HP: 54/54 MP: 21/30
  1375 | D        | Noticed a centaur warrior
  1375 | D        | Noticed a centaur warrior
  1382 | D        | Killed a centaur warrior
  1382 | D        | Reached skill level 16 in Spellcasting
  1382 | D        | Reached skill level 10 in Conjurations
  1387 | D        | Killed a centaur warrior
  1470 | D        | Offered knowledge of Mephitic Cloud by Vehumet.
  1470 | D        | Reached *** piety under Vehumet
  1501 | D        | Noticed an oklob plant
  1509 | D        | Killed an oklob plant
  1509 | D        | Reached skill level 17 in Spellcasting
  1509 | D        | Reached XP level 10. HP: 14/61 MP: 16/33
  1748 | D        | Learned a level 3 spell: Mephitic Cloud
  1761 | D        | Offered knowledge of Iskenderun's Mystic Blast by Vehumet.
  1766 | D        | Reached skill level 1 in Air Magic
  1766 | D        | Reached skill level 1 in Poison Magic
  1814 | D        | Noticed an unseen horror
  1818 | D        | Noticed an unseen horror
  1825 | D        | Killed an unseen horror
  1825 | D        | Reached **** piety under Vehumet
  1825 | D        | Reached skill level 10 in Dodging
  1832 | D        | Killed an unseen horror
  1936 | D        | Offered knowledge of Irradiate by Vehumet.
  2036 | D        | Reached ***** piety under Vehumet
  2040 | D        | Reached ****** piety under Vehumet
  2068 | D        | Found Dottua's Antique Armour Shoppe.
  2068 | D        | Found Ugunirei's Distillery.
  2068 | D        | Found Gizos's Antique Armour Boutique.
  2070 | D        | Found Parroetz's Gadget Emporium.
  2070 | D        | Found Emuudox's Assorted Antiques.
  2070 | D        | Found Nakka's Weapon Shoppe.
  2070 | D        | Found Huetzed's Antique Weapon Boutique.
  2070 | D        | Found Imoi's General Store.
  2070 | D        | Found Budas's Distillery.
  2070 | D        | Found Miuhag's General Store.
  2074 | D        | Found Hoqofedi's General Store.
  2076 | D        | Bought an ancient leather armour for 154 gold pieces
  2076 | D        | Bought a spiked helmet for 209 gold pieces
  2086 | D        | Identified the +3 leather armour "Zeiteira" {rF+ Dex+4} (You bought it in a shop in the Dungeon)
  2096 | D        | Identified the cursed +0 helmet "Tonieh" {rF+} (You bought it in a shop in the Dungeon)
  2097 | D        | Found Deuwegh's General Store.
  2097 | D        | Found Unkoere's Antique Weapon Boutique.
  2098 | D        | Found Gaufiff's Magic Scroll Emporium.
  2100 | D        | Bought a warped short sword for 168 gold pieces
  2100 | D        | Identified the cursed +3 short sword "Haytas" {pierce, *Corrode rElec rC+ Stlth+} (You bought it in a shop in the Dungeon)
  2108 | D        | Bought a scroll of remove curse for 36 gold pieces
  2108 | D        | Bought a scroll of identify for 24 gold pieces
  2192 | D        | Noticed a shining eye
  2192 | D        | Noticed a shining eye
  2192 | D        | Noticed a shining eye
  2196 | D        | Paralysed by a floating eye for 3 turns
  2203 | D        | Paralysed by a floating eye for 2 turns
  2207 | D        | Offered knowledge of Ozocubu's Refrigeration by Vehumet.
  2210 | D        | Killed a shining eye
  2210 | D        | Reached skill level 1 in Short Blades
  2210 | D        | Reached skill level 1 in Shields
  2210 | D        | Reached skill level 18 in Spellcasting
  2212 | D        | Gained mutation: You expend magic power (3 MP) to strengthen your wands. [a shining eye]
  2213 | D        | Killed a shining eye
  2213 | D        | Gained mutation: You are dopey. (Int -2) [a shining eye]
  2215 | D        | Killed a shining eye
  2332 | D        | Noticed a shining eye
  2333 | D        | Gained mutation: You do not regenerate when monsters are visible. [a shining eye]
  2334 | D        | Gained mutation: You are very dopey. (Int -4) [a shining eye]
  2335 | D        | Killed a shining eye
  2335 | D        | Reached XP level 11. HP: 67/67 MP: 26/35
  2336 | D        | Noticed a shining eye
  2336 | D        | Noticed a shining eye
  2354 | D        | Noticed a shining eye
  2359 | D        | Killed a shining eye
  2360 | D        | Paralysed by a floating eye for 4 turns
  2364 | D        | Offered knowledge of Olgreb's Toxic Radiance by Vehumet.
  2365 | D        | Killed a shining eye
  2365 | D        | Reached skill level 5 in Poison Magic
  2369 | D        | Noticed a shining eye
  2369 | D        | Gained mutation: You have sharp toenails. [a shining eye]
  2370 | D        | Killed a shining eye
  2372 | D        | Killed a shining eye
  2453 | D        | Found Ucsiacsa's Antique Armour Shop.
  2453 | D        | Found Vuboidogu's Assorted Antiques.
  2453 | D        | Found Xutteisoe's Antique Armour Boutique.
  2453 | D        | Found Kocronnis's Food Emporium.
  2476 | D        | Bought a bloodstained cloak for 247 gold pieces
  2481 | D        | Identified the cursed -4 cloak of Cocytus {rPois Int-3 Dex+4} (You bought it in a shop in the Dungeon)
  2552 | D        | HP: 3/68 [demonic crawler (10)]
  2581 | D        | HP: 2/68 [demonic crawler (3)]
  2583 | D        | Slain by a demonic crawler

Vault maps used:
D:        dungeon_sprint_1

Skill      XL: |  1  2  3  4  5  6  7  8  9 10 11 |
---------------+----------------------------------+-----
Spellcasting   | 6 8 11 13 14 15 17 18 | 18.6
Conjurations   | 3 4 6 8 9 10 11 | 11.9
Fire Magic     | 4 5 7 9 10 11 12 | 12.3
Fighting       | 3 4 5 6 7 |  7.7
Armour         | 3 4 5 6 7 |  7.7
Dodging        | 6 8 9 10 11 | 11.2
Air Magic      | 4 |  4.8
Poison Magic   | 4 5 |  5.2
Short Blades   | 2 3 |  3.3
Shields        | 1 2 |  2.6
Stealth        | |  2.4

Action                   |  1- 3 |  4- 6 |  7- 9 | 10-12 || total
-------------------------+-------+-------+-------+-------++-------
Melee: Unarmed           |    13 |       |       |       ||    13
       Dagger            |       |       |   124 |     3 ||   127
       Short sword       |       |       |       |     1 ||     1
 Cast: Flame Tongue      |     9 |     7 |    16 |    34 ||    66
       Sticky Flame      |       |     2 |     2 |    12 ||    16
       Throw Flame       |       |     1 |     1 |     1 ||     3
       Fireball          |       |     1 |    12 |    21 ||    34
       Conjure Flame     |       |     1 |     2 |     5 ||     8
       Inner Flame       |       |       |       |     2 ||     2
  Use: Potion            |     2 |       |       |     5 ||     7
       Scroll            |       |       |       |     3 ||     3
 Stab: Sleeping          |       |       |     1 |       ||     1
  Eat: Ration            |       |       |     1 |     1 ||     2
Armor: Leather armour    |       |       |       |     4 ||     4
Dodge: Dodged            |     6 |     3 |     2 |    39 ||    50
Block: Buckler           |       |       |       |     8 ||     8

Table legend:
 A = Spawn XP
 B = Non-spawn XP
 C = Spawn XP percentage of total XP
 D = Spawn monster count
 E = Non-spawn monster count
 F = Spawn count percentage of total count
 G = Total turns spent on level
                    A         B        C        D         E        F      G
               +---------+---------+-------+---------+---------+-------+---------
         Total |       0 |   13989 |   0.0 |       0 |      46 |   0.0 |  2583
               +---------+---------+-------+---------+---------+-------+---------
             D |       0 |   13989 |   0.0 |       0 |      46 |   0.0 |  2583
               +---------+---------+-------+---------+---------+-------+---------
